General information
- name: BNet
- type: Ladder team game (AT/RT)
- host: Battle.net
- saver: BrokeDownEngine
map: Cherryville
- players: 8
- length: 11:59
- speed: Fast
- version: 1.26 W3XP
- replay type: Public
» download(113 KB)
Players
team 1 (winner)
xRadial (
teal | 47 APM | 300 actions | 06:18)
1 Keeper of the Grove
1 Force of Nature
» actions
| Assign group hotkey | 10 | |
| Basic commands | 17 | |
| Build / train | 19 | |
| Enter build submenu | 9 | |
| Enter hero's abilities submenu | 1 | |
| Right click | 140 | |
| Select / deselect | 78 | |
| Select group hotkey | 8 | |
| Use ability | 18 | |
300 total
» units
» buildings
| Altar of Elders | 2 | |
| Moon Well | 5 | |
| Ancient of Wonders | 1 | |
| Hunter's Hall | 1 | |
| Tree of Ages | 1 | |
10 total
» build order
00:10 Altar of Elders
00:12 Altar of Elders
00:16 Moon Well
01:06 Ancient of Wonders
01:37 Moon Well
02:06 Hunter's Hall
03:09 Tree of Ages
04:04 Moon Well
04:41 Moon Well
04:50 Moon Well
» items
| Dust of Appearance | 1 | |
| Potion of Healing | 1 | |
2 total
BrokeDownEngine (
red | 52 APM | 624 actions | 11:59)
4 Blademaster
2 Wind Walk
2 Critical Strike
» actions
| Assign group hotkey | 22 | |
| Basic commands | 3 | |
| Build / train | 37 | |
| Enter build submenu | 18 | |
| Enter hero's abilities submenu | 4 | |
| Right click | 267 | |
| Select / deselect | 158 | |
| Select group hotkey | 41 | |
| Use ability | 74 | |
624 total
» units
| Peon | 8 | |
| Grunt | 4 | |
| Goblin Shredder | 1 | |
| Troll Batrider | 10 | |
23 total
» upgrades
| Troll Regeneration | 1 | |
| Ranged Weapons | 1 | |
2 total
» buildings
| Orc Burrow | 4 | |
| Altar of Storms | 1 | |
| Barracks | 1 | |
| Voodoo Lounge | 2 | |
| Stronghold | 1 | |
| War Mill | 1 | |
| Great Hall | 1 | |
| Watch Tower | 4 | |
| Beastiary | 4 | |
| Fortress | 1 | |
20 total
» build order
00:14 Orc Burrow
00:51 Altar of Storms
00:54 Barracks
01:15 Orc Burrow
01:50 Voodoo Lounge
02:53 Stronghold
03:35 Voodoo Lounge
04:02 Orc Burrow
04:05 War Mill
04:56 Great Hall
06:30 Watch Tower
06:30 Watch Tower
06:31 Watch Tower
06:32 Watch Tower
07:43 Beastiary
07:43 Beastiary
07:58 Orc Burrow
08:29 Beastiary
08:32 Beastiary
09:53 Fortress
» items
| Healing Salve | 2 | |
| Scroll of Town Portal | 1 | |
| Potion of Healing | 1 | |
| Potion of Mana | 1 | |
5 total

»
jwkiii (
purple | 27 APM | 292 actions | 10:53)
3 Paladin
2 Holy Light
1 Divine Shield
» actions
| Build / train | 61 | |
| Enter build submenu | 22 | |
| Enter hero's abilities submenu | 3 | |
| Remove unit from queue | 2 | |
| Right click | 52 | |
| Select / deselect | 116 | |
| Use ability | 36 | |
292 total
» units
| Peasant | 17 | |
| Footman | 7 | |
| Flying Machine | 16 | |
40 total
» upgrades
| Defend | 1 | |
| Lumber Harvesting | 1 | |
| Gunpowder | 1 | |
| Plating | 1 | |
4 total
» buildings
| Altar of Kings | 1 | |
| Farm | 9 | |
| Barracks | 1 | |
| Keep | 1 | |
| Scout Tower | 4 | |
| Lumber Mill | 1 | |
| Blacksmith | 1 | |
| Arcane Vault | 1 | |
| Guard Tower | 3 | |
| Town Hall | 1 | |
| Workshop | 2 | |
| Castle | 1 | |
26 total
» build order
00:11 Altar of Kings
00:18 Farm
00:23 Barracks
01:07 Farm
01:53 Farm
02:40 Farm
03:05 Keep
03:41 Scout Tower
03:48 Lumber Mill
03:55 Blacksmith
04:54 Arcane Vault
05:02 Guard Tower
05:26 Farm
06:10 Town Hall
06:16 Scout Tower
07:14 Farm
07:30 Guard Tower
07:39 Workshop
08:03 Farm
08:40 Workshop
08:43 Scout Tower
09:15 Guard Tower
09:18 Farm
10:16 Castle
10:49 Scout Tower
» items

»
wuwenbing (
green | 37 APM | 398 actions | 10:49)
1 Priestess of the Moon
1 Trueshot Aura
1 Keeper of the Grove
1 Entangling Roots
» actions
| Build / train | 34 | |
| Enter build submenu | 16 | |
| Enter hero's abilities submenu | 2 | |
| Right click | 190 | |
| Select / deselect | 127 | |
| Use ability | 29 | |
398 total
» units
» upgrades
| Strength of the Wild | 3 | |
| Reinforced Hides | 3 | |
| Druid of the Claw Training | 2 | |
| Abolish Magic | 1 | |
9 total
» buildings
| Altar of Elders | 1 | |
| Moon Well | 6 | |
| Tree of Ages | 1 | |
| Hunter's Hall | 1 | |
| Ancient Protector | 2 | |
| Ancient of Lore | 4 | |
| Tree of Eternity | 1 | |
| Ancient of Wind | 1 | |
17 total
» build order
00:14 Altar of Elders
00:25 Moon Well
00:52 Moon Well
02:28 Tree of Ages
02:32 Moon Well
02:40 Hunter's Hall
02:57 Moon Well
03:49 Ancient Protector
04:12 Moon Well
04:22 Ancient Protector
05:00 Ancient of Lore
05:14 Ancient of Lore
05:41 Tree of Eternity
08:08 Ancient of Lore
08:14 Ancient of Lore
09:19 Moon Well
09:34 Ancient of Wind
team 2 (loser)

»
PokeMonGames (
orange | 87 APM | 1039 actions | 11:57)
3 Warden
2 Shadow Strike
1 Blink
» actions
| Assign group hotkey | 36 | |
| Basic commands | 50 | |
| Build / train | 35 | |
| Enter build submenu | 13 | |
| Enter hero's abilities submenu | 3 | |
| Remove unit from queue | 1 | |
| Right click | 636 | |
| Select / deselect | 161 | |
| Select group hotkey | 67 | |
| Use ability | 37 | |
1039 total
» units
» upgrades
| Strength of the Wild | 1 | |
| Reinforced Hides | 1 | |
2 total
» buildings
| Tree of Ages | 1 | |
| Altar of Elders | 1 | |
| Moon Well | 4 | |
| Hunter's Hall | 1 | |
| Ancient of War | 1 | |
| Ancient of Wonders | 1 | |
| Ancient of Wind | 2 | |
| Tree of Eternity | 1 | |
12 total
» build order
01:19 Tree of Ages
01:27 Altar of Elders
01:29 Moon Well
02:07 Hunter's Hall
02:15 Ancient of War
02:35 Moon Well
03:23 Ancient of Wonders
04:23 Ancient of Wind
04:27 Ancient of Wind
05:37 Moon Well
05:40 Moon Well
07:41 Tree of Eternity
» items
| Lesser Clarity Potion | 3 | |
| Moonstone | 1 | |
| Potion of Healing | 1 | |
| Orb of Venom | 1 | |
6 total
I-Hate-Whites (
yellow | 42 APM | 458 actions | 10:53)
3 Mountain King
2 Storm Bolt
1 Bash
» actions
| Basic commands | 1 | |
| Build / train | 42 | |
| Enter build submenu | 31 | |
| Enter hero's abilities submenu | 3 | |
| Give item / drop item | 2 | |
| Remove unit from queue | 1 | |
| Right click | 210 | |
| Select / deselect | 136 | |
| Use ability | 32 | |
458 total
» units
» upgrades
» buildings
| Farm | 9 | |
| Lumber Mill | 1 | |
| Altar of Kings | 1 | |
| Barracks | 1 | |
| Blacksmith | 1 | |
| Town Hall | 1 | |
| Keep | 3 | |
| Arcane Vault | 1 | |
| Scout Tower | 9 | |
| Guard Tower | 3 | |
| Castle | 1 | |
| Gryphon Aviary | 3 | |
34 total
» build order
00:33 Farm
00:49 Lumber Mill
01:17 Farm
01:37 Altar of Kings
01:38 Barracks
01:50 Blacksmith
01:57 Farm
02:35 Farm
03:11 Farm
04:26 Farm
05:07 Town Hall
05:14 Keep
05:45 Farm
06:33 Farm
06:41 Arcane Vault
07:19 Scout Tower
07:23 Scout Tower
07:24 Keep
07:25 Keep
07:42 Farm
07:53 Scout Tower
07:54 Scout Tower
07:55 Guard Tower
08:33 Castle
08:35 Gryphon Aviary
08:37 Gryphon Aviary
08:40 Gryphon Aviary
08:51 Scout Tower
08:52 Scout Tower
08:55 Guard Tower
08:56 Scout Tower
10:12 Scout Tower
10:14 Scout Tower
10:16 Guard Tower
» items
Dobby (
blue | 106 APM | 1151 actions | 10:53)
3 Demon Hunter
2 Mana Burn
1 Evasion
1 Keeper of the Grove
1 Entangling Roots
1 Dark Ranger
1 Silence
» actions
| Assign group hotkey | 28 | |
| Basic commands | 46 | |
| Build / train | 104 | |
| Enter build submenu | 18 | |
| Enter hero's abilities submenu | 5 | |
| Give item / drop item | 1 | |
| Right click | 522 | |
| Select / deselect | 159 | |
| Select group hotkey | 221 | |
| Use ability | 47 | |
1151 total
» units
| Wisp | 43 | |
| Archer | 4 | |
| Huntress | 1 | |
| Druid of the Claw | 1 | |
| Dryad | 3 | |
52 total
» upgrades
| Strength of the Wild | 7 | |
| Ultravision | 5 | |
| Reinforced Hides | 8 | |
| Abolish Magic | 1 | |
| Druid of the Claw Training | 2 | |
23 total
» buildings
| Altar of Elders | 1 | |
| Moon Well | 5 | |
| Ancient of War | 1 | |
| Ancient of Wonders | 1 | |
| Hunter's Hall | 1 | |
| Tree of Life | 1 | |
| Ancient Protector | 1 | |
| Tree of Ages | 5 | |
| Ancient of Lore | 2 | |
| Tree of Eternity | 1 | |
| Ancient of Wind | 2 | |
21 total
» build order
00:16 Altar of Elders
00:25 Moon Well
00:34 Ancient of War
01:35 Moon Well
02:08 Ancient of Wonders
02:37 Hunter's Hall
03:41 Tree of Life
03:59 Moon Well
04:09 Ancient Protector
05:08 Tree of Ages
05:09 Tree of Ages
07:37 Ancient of Lore
07:38 Ancient of Lore
07:49 Tree of Eternity
08:36 Moon Well
08:39 Moon Well
10:18 Ancient of Wind
10:20 Ancient of Wind
» items
Mina_TheOne (
pink | 38 APM | 409 actions | 10:53)
3 Death Knight
1 Death Coil
1 Unholy Aura
1 Death Pact
» actions
| Assign group hotkey | 8 | |
| Basic commands | 30 | |
| Build / train | 36 | |
| Enter build submenu | 13 | |
| Enter hero's abilities submenu | 4 | |
| Right click | 113 | |
| Select / deselect | 176 | |
| Select group hotkey | 2 | |
| Use ability | 27 | |
409 total
» units
| Acolyte | 8 | |
| Ghoul | 3 | |
| Crypt Fiend | 7 | |
| Goblin Shredder | 2 | |
20 total
» upgrades
| Creature Attack | 2 | |
| Creature Carapace | 1 | |
| Backpack | 1 | |
| Web | 1 | |
| Burrow | 1 | |
6 total
» buildings
| Crypt | 2 | |
| Altar of Darkness | 1 | |
| Ziggurat | 4 | |
| Graveyard | 1 | |
| Tomb of Relics | 1 | |
| Necropolis | 1 | |
| Halls of the Dead | 1 | |
| Black Citadel | 1 | |
12 total
» build order
00:08 Crypt
00:11 Altar of Darkness
00:33 Ziggurat
01:04 Graveyard
01:10 Tomb of Relics
01:55 Ziggurat
02:47 Crypt
04:53 Ziggurat
05:48 Necropolis
07:25 Halls of the Dead
09:55 Black Citadel
10:04 Ziggurat
» items
Chat log
(00:14 / All) PokeMonGames: Yeah. fuck white people
(00:18 / All) I-Hate-Whites: ^
(00:20 / All) Dobby: fuck niggers
(00:26 / All) I-Hate-Whites: fuck house elves
(00:35 / All) BrokeDownEngine: when Harry has to bury Dobby I cry everytime ;_;
(00:45 / All) I-Hate-Whites: dobby free elf!
(00:45 / All) Dobby: so does my gf
(01:11 / All) BrokeDownEngine: Actually I've not watched the 7th and 8th movies
(01:15 / All) Dobby: glad its actually 4v4 no fucking leavers and shit
(01:20 / All) I-Hate-Whites: you should
(01:22 / All) BrokeDownEngine: not sure if I watched the 6th one
(01:23 / All) Dobby: whats wrong with you
(01:25 / All) I-Hate-Whites: same blue
(01:43 / All) BrokeDownEngine: I didn't think the 7th book was very good
(01:52 / All) Dobby: havent read any books
(01:54 / All) I-Hate-Whites: j
(02:00 / All) I-Hate-Whites: 3rd book best
(02:03 / All) Dobby: lady made me watch all movies cause i just took her to harry pottwer land
(02:14 / All) BrokeDownEngine: the 3 things that Harry had to get weren't foreshadowed at all
(02:19 / All) BrokeDownEngine: in the 6 first books
(02:21 / All) jwkiii: is that a euphamism for soemthing?
(03:05 / All) BrokeDownEngine: She pulled that shizz out of her ass
(03:10 / All) BrokeDownEngine: I hate when authors do that
(04:23 / All) Dobby: +9 claws. i like
(05:50 / All) BrokeDownEngine: Hunger Games 2 has 8.3 rating on IMDB and 89% fresh on rottentomatoes
(05:52 / All) BrokeDownEngine: fucking pathetic
(06:17 / Allies) xRadial: learn to fkikng tp next game
(06:22 / All) BrokeDownEngine: lawl
(06:22 / All) PokeMonGames: Lol..
(06:23 / All) Dobby: LMFAO
(06:26 / All) BrokeDownEngine: learn to tp he says
(06:28 / All) Dobby: well now
(06:39 / All) BrokeDownEngine: learn to not straight tech on outside
(06:45 / All) PokeMonGames: that nigga teched
(07:18 / All) PokeMonGames: Yall better get aa
(08:08 / Allies) BrokeDownEngine: someone take teal
(08:25 / All) Dobby: whos contrlling teal now?
(08:58 / All) Dobby: HEADSHOT!
(09:03 / All) I-Hate-Whites: drank
(09:22 / All) BrokeDownEngine: faggot noob elves
(09:28 / All) Dobby: :)
(09:38 / All) Dobby: dobby no like that
(09:40 / All) PokeMonGames: Rofl your the noob
(09:43 / All) PokeMonGames: Losing to fdragons
(10:02 / All) Dobby: purp noob
(10:22 / All) PokeMonGames: Hey red, how does it feel to lose to retarded elf units?
(10:49 / All) BrokeDownEngine: drop hack?
(10:49 / All) BrokeDownEngine: drop hack?
(10:53 / All) PokeMonGames: Waiting for my dc
(11:17 / All) BrokeDownEngine: you're a drop hacker
(11:22 / All) PokeMonGames: rofl no..
(11:33 / All) PokeMonGames: Why didnt you lag out
(11:36 / All) PokeMonGames: if i was the hacker?
(11:52 / All) PokeMonGames: Gg drop hacker
(11:56 / All) BrokeDownEngine: mmmhmm
(11:57 / All) PokeMonGames: no fun playing this one